 Dungeon Crawl Stone Soup version 0.31-a0-691-g409c26aa35 (webtiles) character file.

Game seed: 4692367452353913864

117 qw the Shooter (level 5, 0/32 HPs)
             Began as a Gargoyle Hunter on Sept 6, 2023.
             Slain by an orc
             ... wielding a +0 morningstar
              (8 damage)
             ... on level 3 of the Dungeon.
             The game lasted 00:00:53 (2044 turns).

qw the Shooter (Gargoyle Hunter)                    Turns: 2044, Time: 00:00:54

Health: 0/32       AC:  9    Str: 15    XL:     5   Next: 1%
Magic:  5/5        EV: 11    Int:  9    God:
Gold:   89         SH:  0    Dex: 21    Spells: 4/4 levels left

rFire   . . .        Y - +0 shortbow
rCold   . . .        (shield currently unavailable)
rNeg    + . .        h - +0 ring mail
rPois   inf          (no helmet)
rElec   +            (no cloak)
rCorr   .            (no gloves)
SInv    .            (no boots)
Will    .....        (no amulet)
Stlth   +            b - +6 ring of dexterity
HPRegen 0.25/turn    (no ring)
MPRegen 0.09/turn

%: no passive effects
@: no status effects
A: sickness immunity, AC +4, negative energy resistance 1, electricity
resistance, torment resistance 1, petrification resistance
a: no special abilities


You were on level 3 of the Dungeon.
You visited 1 branch of the dungeon, and saw 3 of its levels.

You collected 89 gold pieces.


Innate Abilities, Weirdness & Mutations

You are immune to sickness and miasma.
Your stone body is resilient. (AC +4)
You are immune to poison.
You resist negative energy. (rN+)
You are resistant to electric shocks. (rElec)
You are resistant to unholy torment.
You are immune to petrification.


   Skills:
 - Level 3.0 Fighting
 + Level 5.6 Ranged Weapons
 - Level 1.2 Armour
 - Level 1.5 Dodging
 - Level 1.1 Stealth


You had 4 spell levels left.
You didn't know any spells.
Your spell library was empty.

Inventory:

Hand Weapons
 Y - a +0 shortbow (weapon)
Armour
 h - a +0 ring mail (worn)
Jewellery
 b - a +6 ring of dexterity (left hand)
Scrolls
 a - 2 scrolls of identify
 e - a scroll of enchant armour
 f - a scroll of fear {unknown}
Potions
 c - 2 potions of ambrosia {unknown}
 d - a potion of degeneration {unknown}
 g - a potion of curing
 j - a potion of invisibility {unknown}
 k - a potion of lignification {unknown}

Dungeon Overview and Level Annotations

Branches:
Dungeon (3/15)

Altars:
Dithmenos
Xom
Zin


Message History

The orc misses you.
You shoot an arrow.
The arrow hits the orc but does no damage.
The orc is lightly wounded.
The orc closely misses you. The orc hits you with a +0 short sword.
You shoot an arrow.
The arrow hits the orc but does no damage.
The orc is lightly wounded.
The orc barely misses you. The orc hits you with a +0 short sword.
You shoot an arrow.
The arrow hits the orc but does no damage.
The orc hits you with a +0 flail. The orc closely misses you.
You shoot an arrow. The arrow hits the orc.
The orc is almost dead.
The orc closely misses you. The orc barely misses you.
You shoot an arrow. The arrow hits the orc.
You kill the orc!
The orc hits you but does no damage. The orc hits you with a +0 short sword.
The orc closely misses you.
You shoot an arrow. The arrow hits the orc!
You kill the orc!
The orc hits you with a +0 short sword.
You have reached level 5!
You shoot an arrow. The arrow hits the orc.
The orc is severely wounded.
The orc hits you but does no damage.
You shoot an arrow. The arrow hits the orc.
You kill the orc!
You start resting.
An orc comes into view. It is wielding a +0 morningstar.
You shoot an arrow. The orc shouts!
The arrow hits the orc but does no damage.
You shoot an arrow.
The arrow hits the orc but does no damage.
You shoot an arrow.
The arrow hits the orc but does no damage.
You shoot an arrow. The arrow barely misses the orc.
The orc hits you with a +0 morningstar!
You die...

#.......##.#
#.#####.##.#
#.....#....#
#####.######
#...>......#
..###.#.######.#
............#
#.#.....###...<
#.##.o@# ## #
###)# #.# #.#
... ###


You could see an orc.

Vanquished Creatures
  4 adders
  A worm (D:3)
  A dart slug (D:2)
  18 orcs (D:3)
  3 endoplasms
  A giant cockroach (D:2)
  6 goblins
  3 hobgoblins
  3 quokkas
  3 ball pythons
  3 bats (D:1)
  3 frilled lizards
  3 kobolds
  6 rats
58 creatures vanquished.

Notes
Turn   | Place    | Note
-------+----------+-------------------------------------------
     0 | D:1      | qw the Gargoyle Hunter began the quest for the Orb.
     0 | D:1      | Reached XP level 1. HP: 12/12 MP: 1/1
     0 | D:1      | 0 ||| qw: Version: 0.3-a-76-g4403597
     0 | D:1      | 0 ||| qw: Game counter: 245
     0 | D:1      | 0 ||| qw: Melee chars always use a shield: true
     0 | D:1      | 0 ||| qw: God list: Okawaru
     0 | D:1      | 0 ||| qw: Allow faded altars: false
     0 | D:1      | 0 ||| qw: Do Orc after clearing Dungeon:15 true
     0 | D:1      | 0 ||| qw: Do second Lair branch before Depths: true
     0 | D:1      | 0 ||| qw: Lair rune preference: random
     0 | D:1      | 0 ||| qw: Goals: Normal
     0 | D:1      | 0 ||| PLANNING D:1-11
    58 | D:1      | HP: 2/12 [hobgoblin (3)]
   142 | D:1      | Reached XP level 2. HP: 17/17 MP: 2/2
   582 | D:1      | 582 ||| UPGRADING to +0 ring mail.
   592 | D:1      | 592 ||| DROPPING +0 leather armour.
   593 | D:1      | 593 ||| READING scroll labelled XUSHUE QAAGO.
   606 | D:1      | 606 ||| READING scroll labelled SETAD HOOTO.
   607 | D:1      | 607 ||| READING scroll labelled XICIKKIGUS.
   608 | D:1      | 608 ||| READING scroll labelled HAAKEF DU WOYNT.
   709 | D:1      | 709 ||| DROPPING scroll of butterflies.
   765 | D:2      | Reached skill level 1 in Armour
   767 | D:2      | 767 ||| FLEEEEING.
   768 | D:2      | 768 ||| STAIRDANCE
   793 | D:2      | Reached XP level 3. HP: 18/21 MP: 3/3
   793 | D:2      | 793 ||| STAIRDANCE
  1249 | D:2      | Reached skill level 5 in Ranged Weapons
  1326 | D:2      | 1326 ||| UPGRADING to +6 ring of dexterity.
  1327 | D:2      | 1327 ||| READING scroll labelled WOSMAS HIST.
  1331 | D:2      | 1331 ||| READING scroll labelled NAOVUZX XESISCH.
  1332 | D:2      | 1332 ||| READING scroll labelled CYKLIM DASIXTE.
  1333 | D:2      | 1333 ||| READING scroll labelled JUVVOO OL NYUH.
  1334 | D:2      | 1334 ||| DRINKING 2 coppery potions.
  1359 | D:3      | HP: 4/21 [worm (8)]
  1362 | D:3      | 1362 ||| STAIRDANCE
  1471 | D:3      | Reached XP level 4. HP: 27/27 MP: 4/4
  1520 | D:3      | Reached skill level 3 in Fighting
  1570 | D:3      | 1570 ||| Stepping ~*~*~tactically~*~*~ (outnumbered).
  1572 | D:3      | 1572 ||| Stepping ~*~*~tactically~*~*~ (outnumbered).
  1573 | D:3      | 1573 ||| Stepping ~*~*~tactically~*~*~ (outnumbered).
  1576 | D:3      | 1576 ||| Stepping ~*~*~tactically~*~*~ (outnumbered).
  1577 | D:3      | 1577 ||| Stepping ~*~*~tactically~*~*~ (outnumbered).
  1664 | D:3      | Found a shimmering altar of Xom.
  1716 | D:3      | Found a glowing silver altar of Zin.
  1860 | D:3      | Found a shadowy altar of Dithmenos.
  2034 | D:3      | HP: 7/28 [orc/+0 short sword (4)]
  2036 | D:3      | Reached XP level 5. HP: 5/32 MP: 5/5
  2044 | D:3      | Slain by an orc

Levels and vault maps discovered:
D:1:      ncdulo_watergridlock, layout_basic, st_stairs_12, minivault_24,
          kennysheep_decorative_pillar
D:2:      layout_loops_ring, serial_glass, glass_columns_a, glass_columns_b
D:3:      layout_basic, grunt_dithmenos_smoke_and_mirrors,
          mainiacjoe_overflow_paths, mainiacjoe_overflow_chevrons,
          chequers_ecumenical_altar_simple_redux

Skill      XL: |  1  2  3  4 |
---------------+-------------+-----
Armour         | 1 |  1.2
Ranged Weapons | 5 |  5.6
Fighting       | 3 |  3.0
Dodging        | |  1.5
Stealth        | |  1.1

Action                     |  1- 3 |  4- 6 || total
---------------------------+-------+-------++-------
   Fire: Shortbow          |   125 |    91 ||   216
    Use: Scroll            |     8 |       ||     8
         Potion            |     1 |       ||     1
 Armour: Leather armour    |    17 |       ||    17
         Ring mail         |    18 |    50 ||    68
  Dodge: Dodged            |    30 |    32 ||    62

Table legend:
 A = Non-vault XP
 B = Vault XP
 C = Vault XP percentage of total XP
 D = Non-vault monster count
 E = Vault monster count
 F = Vault count percentage of total count
                 A         B        C        D         E       F
            +---------+---------+-------+---------+---------+-------
      Total |     162 |       6 |   3.6 |      55 |       3 |   5.2
            +---------+---------+-------+---------+---------+-------
        D:1 |      12 |       6 |  33.3 |      10 |       3 |  23.1
        D:2 |      47 |       0 |   0.0 |      13 |       0 |   0.0
        D:3 |     103 |       0 |   0.0 |      32 |       0 |   0.0
            +---------+---------+-------+---------+---------+-------
